[Event "GER-chT Youth Countries 2018"]
[Site "Wurzburg"]
[Date "2018.10.05"]
[Round "5"]
[White "Kageler, Anton Paul"]
[Black "Haenselmann, Hendrik"]
[Result "0-1"]
[ECO "B48"]
[WhiteElo "1459"]
[BlackElo "1660"]
[Annotator "NA"]
[PlyCount "96"]
[EventDate "2018.10.03"]
[EventType "team-tourn"]
[EventCountry "GER"]
[SourceTitle "playchess.com"]
[Source "ChessBase"]
[SourceQuality "1"]
[TimeControl "40/5400+30:1800+30"]

1. e4 c5 2. Nf3 e6 3. d4 cxd4 4. Nxd4 Nc6 5. Be3 Qc7 6. Nc3 a6 7. Bd3 Nf6 8. O-O Nxd4 9. Bxd4 e5 10. Be3 Bb4 11. Nd5 Nxd5 12. exd5 O-O 13. Qh5 g6 14. Qh4 Qd6 15. c4 b6 16. Kh1 f5 17. f4 e4 18. Be2 Bc5 19. Bd2 Bd4 20. a3 Bxb2 21. Bb4 Qf6 22. Qh6 Bxa1 23. Qxf8+ Qxf8 24. Bxf8 Kxf8 25. Rxa1 d6 26. Rb1 Rb8 27. a4 a5 28. Kg1 Bd7 29. Bd1 h6 30. Kf2 g5 31. fxg5 hxg5 32. Bc2 g4 33. h3 gxh3 34. gxh3 Kg7 35. Kg3 Kf6 36. Kf4 Be8 37. Rg1 Bg6 38. Bd1 Rh8 39. Rg3 Rh4+ 40. Bg4 fxg4 41. hxg4 Bf5 42. Rg2 Rxg4+ 43. Rxg4 Bxg4 44. Kxg4 Ke5 45. Kg3 Kd4 46. Kf2 Kd3 47. Ke1 Ke3 48. c5 bxc5 0-1

[Event "GER-chT Youth Countries 2018"]
[Site "Wurzburg"]
[Date "2018.10.05"]
[Round "5"]
[White "Fischer, Darja"]
[Black "Moeller, Lisa-Marie"]
[Result "0-1"]
[ECO "B43"]
[WhiteElo "1456"]
[BlackElo "1868"]
[Annotator "NA RC"]
[PlyCount "148"]
[EventDate "2018.10.03"]
[EventType "team-tourn"]
[EventCountry "GER"]
[SourceTitle "playchess.com"]
[Source "ChessBase"]
[SourceQuality "1"]
[TimeControl "40/5400+30:1800+30"]

1. e4 c5 2. Nf3 e6 3. d4 cxd4 4. Nxd4 a6 5. Nc3 b5 6. a3 Bb7 7. Be2 Qc7 8. O-O Nf6 9. Bf3 d6 10. Re1 Nbd7 {[%emt 0:03:24] B43: Sicilian: Kan Variation: 5 Nc3} 11. Bg5 (11. g3 Be7 12. Bg2 O-O 13. f4 Rfd8 14. g4 g6 15. g5 Nh5 16. f5 e5 17. Nd5 Bxd5 18. exd5 exd4 19. Rxe7 {0-1 (35) Tadic,S (2240)-Munizaba,S (2426) Valjevo 2018}) 11... Be7 12. h3 O-O 13. Qd2 Ne5 14. Rad1 Nc4 $146 ({Predecessor:} 14... Rac8 15. Bxf6 Bxf6 16. Be2 Rfd8 17. Qe3 h6 18. f4 {0-1 (34) Wagemans,E (1897)-Van den Berg,A (2245) Leiden 2011}) 15. Qc1 Rab8 16. Rd3 Ba8 17. b3 Ne5 18. Rde3 Rfc8 19. Bd1 b4 20. axb4 Rxb4 21. Qd2 $17 Qc5 22. Nf3 Nxf3+ 23. Rxf3 Rb7 24. Rd3 Qb4 25. Bf3 Rbc7 26. Ree3 Kf8 27. Kf1 Bc6 28. Nb1 Qxd2 29. Rxd2 d5 30. exd5 Nxd5 31. Bxe7+ Nxe7 32. Red3 Nf5 33. Bxc6 Rxc6 34. c4 Ke7 35. Ke2 Nd6 36. Nc3 Rb8 37. Nd1 Ne4 38. Rb2 Nc5 39. Rg3 g6 40. b4 Ne4 41. Rg4 f5 42. Rh4 h5 43. c5 a5 44. f3 Nf6 45. Rc4 axb4 46. Nf2 Nd5 47. Nd3 Kf6 48. g3 Rb5 49. f4 Kg7 50. h4 Ra5 51. Rb3 Nc3+ 52. Kf3 Ne4 53. Rc2 Ra3 54. Rxa3 bxa3 55. Kg2 Ra6 56. c6 a2 57. c7 Nd6 58. Nb4 a1=Q 59. Nxa6 Qxa6 60. Kf2 Qc8 61. Ke3 Nb5 62. Rc5 Nxc7 63. Kd4 Kf6 64. Kd3 Qd7+ 65. Ke3 Nd5+ 66. Kf3 Qa4 67. Rc8 Qd1+ 68. Kf2 Qd2+ 69. Kf3 Qe3+ 70. Kg2 Qe2+ 71. Kh3 Ne3 72. Rf8+ Kg7 73. Rf7+ Kxf7 74. g4 Qg2# 0-1

[Event "GER-chT Youth Countries 2018"]
[Site "Wurzburg"]
[Date "2018.10.05"]
[Round "5"]
[White "Langer, Paul Georg"]
[Black "Butenandt, Svenja"]
[Result "1-0"]
[ECO "B23"]
[WhiteElo "1348"]
[BlackElo "1762"]
[Annotator "NA RC"]
[PlyCount "71"]
[EventDate "2018.10.03"]
[EventType "team-tourn"]
[EventCountry "GER"]
[SourceTitle "playchess.com"]
[Source "ChessBase"]
[SourceQuality "1"]
[TimeControl "40/5400+30:1800+30"]

1. e4 c5 2. Nc3 Nc6 3. Nge2 e6 4. d3 g6 5. g3 Bg7 6. Bg2 Nge7 7. Be3 d6 8. O-O O-O 9. Qd2 Rb8 10. Bh6 b5 11. h3 b4 12. Na4 Ba6 13. b3 Bxa1 14. Rxa1 Re8 15. g4 Kh8 16. Bg5 Kg8 17. Bf6 Bb5 18. Ng3 Nd4 19. Nh5 e5 20. Qh6 Ne6 21. Ng7 Nf5 22. exf5 Qxf6 23. Nxe8 Rxe8 24. fxe6 Rxe6 25. Bd5 Re8 26. Re1 Bxa4 27. bxa4 Qd8 28. Re3 Qa5 29. Rf3 Rf8 30. Bb3 Qc7 31. h4 d5 32. Bxd5 Qd7 33. Bb3 Qxg4+ 34. Rg3 Qd1+ 35. Kg2 Kh8 36. Qxf8# 1-0

[Event "GER-chT Youth Countries 2018"]
[Site "Wurzburg"]
[Date "2018.10.05"]
[Round "5"]
[White "Bako, Evelin"]
[Black "Praus, Pia-Rosa"]
[Result "0-1"]
[ECO "A41"]
[WhiteElo "1002"]
[BlackElo "1150"]
[Annotator "NA RC"]
[PlyCount "76"]
[EventDate "2018.10.03"]
[EventType "team-tourn"]
[EventCountry "GER"]
[SourceTitle "playchess.com"]
[Source "ChessBase"]
[SourceQuality "1"]
[TimeControl "40/5400+30:1800+30"]

1. d4 d6 2. Nf3 g6 3. e3 Bg7 4. Bd3 Nf6 5. O-O O-O 6. Nbd2 Nbd7 7. b3 c5 8. Bb2 a6 9. Re1 b5 10. a3 Qc7 11. c4 Rb8 12. a4 b4 13. d5 a5 14. Ne4 Nxe4 15. Bxg7 Kxg7 16. Bxe4 Nf6 17. Bc2 e6 18. e4 e5 19. h3 Nh5 20. Kh2 f5 21. Qe2 f4 22. Rad1 Qe7 23. Qd3 g5 24. g4 fxg3+ 25. fxg3 g4 26. Nd2 gxh3 27. Re2 Bg4 28. Rde1 Bxe2 29. Rxe2 Rf7 30. Nf3 Qf6 31. Nh4 Rbf8 32. Nf5+ Kh8 33. Bd1 Ng7 34. g4 Nxf5 35. gxf5 Rg7 36. Rf2 Qh4 37. Qe3 Rf6 38. Bf3 Qg3+ 0-1

[Event "GER-chT Youth Countries 2018"]
[Site "Wurzburg"]
[Date "2018.10.06"]
[Round "6"]
[White "Gschnitzer, Adrian"]
[Black "Ewert, Hannes"]
[Result "1-0"]
[ECO "B38"]
[WhiteElo "2363"]
[BlackElo "2314"]
[Annotator "NA RC"]
[PlyCount "95"]
[EventDate "2018.10.03"]
[EventType "team-tourn"]
[EventCountry "GER"]
[SourceTitle "playchess.com"]
[Source "ChessBase"]
[SourceQuality "1"]
[TimeControl "40/5400+30:1800+30"]

1. c4 c5 2. Nf3 g6 3. d4 cxd4 4. Nxd4 Bg7 5. e4 Nc6 6. Be3 Nf6 7. Nc3 d6 8. Be2 Bd7 9. O-O Nxd4 {[%emt 0:00:44] B38: Sicilian: Maroczy Bind with 5...Bg7 and 7...0-0} (9... O-O 10. f3 Qb6 11. Na4 Qa5 12. Nb5 Rfc8 13. Rc1 Ne5 14. b3 Be8 15. Qe1 Qxe1 16. Rfxe1 Nc6 17. Red1 Nd7 18. f4 b6 19. Bg4 h5 {0-1 (66) Neiksans,A (2582)-Kovalenko,I (2635) Tallinn 2018}) 10. Bxd4 Bc6 {[%emt 0:00:06] LiveBook: 5 Games} 11. Qc2 a5 12. Rad1 Qc7 13. Nd5 $146 ({Predecessor:} 13. Rfe1 O-O 14. h4 a4 15. h5 Nd7 16. Bxg7 Kxg7 17. Nd5 Bxd5 18. Rxd5 {1-0 (40) Ivanov,I (2430)-Zurowski,H (2215) Quebec 1981}) 13... Bxd5 $1 14. exd5 O-O 15. b3 b5 16. c5 dxc5 17. Qxc5 Qxc5 18. Bxc5 Rfd8 19. Bf3 Re8 20. Rfe1 Bf8 21. d6 Rac8 22. Bd4 ({Reject} 22. dxe7 $6 Rxc5 23. exf8=R+ Kxf8 $11) 22... Nd7 23. Bb7 Rcd8 24. Bc6 e5 25. Bxd7 ({Don't play} 25. Bxb5 $6 exd4 26. Rxe8 Rxe8 $11) 25... Rxd7 26. Bxe5 Bxd6 {[%emt 0:08:33] [#]} 27. Kf1 $1 Bb4 28. Rxd7 Bxe1 29. f4 ({Of course not} 29. Kxe1 $6 Rxe5+ 30. Kd2 Kg7 $11) (29. Rd5 $16) 29... Bh4 30. g3 Bd8 31. Rb7 b4 32. Rb8 Kf8 33. Ra8 Ke7 34. Ke2 f6 35. Bd4 Kd7+ 36. Kd3 Re6 37. g4 Re1 38. f5 gxf5 39. gxf5 Rf1 40. Ke4 Bc7 (40... h5 $11 {keeps the balance.}) 41. Ra7 Kc8 {[%emt 0:08:47] [#]} 42. Ra6 $1 ({Doch nicht} 42. Bxf6 Rf4+ 43. Kd3 Rxf5 $15) 42... Rf4+ {[%emt 0:10:26] [#]} (42... Bxh2 $16 43. Rxf6 (43. Bxf6 Rf4+ 44. Ke5 Rf2+ 45. Ke6 Re2+ 46. Kd5 Rf2 $16) (43. Rxa5 Bc7 $14) 43... h5) 43. Kd5 $1 Rxf5+ {[%emt 0:09:17] [#]} (43... Kd7 $142) 44. Kc6 $1 Kb8 45. Ra7 Be5 46. Rxa5 Rh5 $2 (46... Rf1 $18) 47. Rd5 Kc8 48. Bb6 1-0

[Event "GER-chT Youth Countries 2018"]
[Site "Wurzburg"]
[Date "2018.10.06"]
[Round "6"]
[White "Pfreundt, Jakob"]
[Black "Degenhard, Simon"]
[Result "1/2-1/2"]
[ECO "D41"]
[WhiteElo "2358"]
[BlackElo "2207"]
[Annotator "NA"]
[PlyCount "109"]
[EventDate "2018.10.03"]
[EventType "team-tourn"]
[EventCountry "GER"]
[SourceTitle "playchess.com"]
[Source "ChessBase"]
[SourceQuality "1"]
[TimeControl "40/5400+30:1800+30"]

1. d4 {[%emt 0:00:00] Aronian,L} Nf6 2. Nf3 e6 3. c4 d5 4. Nc3 c5 5. cxd5 Nxd5 6. e4 Nxc3 7. bxc3 cxd4 8. cxd4 Bb4+ 9. Bd2 Bxd2+ 10. Qxd2 O-O 11. Rc1 b6 {[%emt 0:01:01] D41: Queen's Gambit Declined: Semi-Tarrasch with 5 cxd5} 12. Bd3 Bb7 13. O-O Nd7 {[%emt 0:00:18] LiveBook: 65 Games} 14. Qe3 Rc8 15. e5 {[%emt 0:05:31] [#]} Qe7 $146 ({Predecessor:} 15... Bxf3 16. Qxf3 Qh4 17. Qe3 Rfd8 18. f4 Nf8 19. Rxc8 Rxc8 {1-0 (52) Aronian,L (2809)-Kramnik,V (2801) Paris/St Petersburg 2013 CBM 154 [Aronian,L]}) 16. Ng5 g6 17. Be4 Ba6 18. Rfd1 f5 19. exf6 $1 Nxf6 20. Bf3 Rxc1 21. Rxc1 Rc8 22. Rxc8+ Bxc8 23. h4 Qd6 24. h5 gxh5 25. Nh3 Qc7 (25... Ng4 $11 26. Qg5+ Kf8) 26. Nf4 Qf7 (26... Ng4 $14 27. Bxg4 hxg4) 27. Qe5 h6 $2 {[%emt 0:09:32] [#]} (27... Qg7 $16 {is a better defense.} 28. Qb8 (28. Nxe6 Bxe6 29. Qxe6+ Qf7 $16) 28... Qd7 29. Nxh5 (29. Bxh5 Qc6 $16) 29... Nxh5) 28. d5 $1 exd5 29. Nxh5 $2 (29. Nxd5 $18 {is the precise move to win.} Nd7 30. Qd6) 29... Ne4 30. Nf4 Bb7 $2 (30... Qf5 $16 31. Qb8 (31. Qxd5+ Qxd5 32. Nxd5 Nd6 $11) (31. Qe8+ Qf8 $16) 31... Nf6) 31. Bh5 Qf8 32. Qe6+ $2 (32. Bg4) 32... Kg7 $1 33. Qd7+ Kg8 34. Qe6+ ({Resist} 34. Qxb7 $6 Qxf4 35. Qxd5+ Kg7 $16) ({White should try} 34. Qc7 $18 Bc8 35. Bg6) 34... Kg7 35. Qg4+ Kf6 36. Ne6 Qb8 (36... Qh8 $142 37. f3 Bc8) 37. Qg6+ Ke5 38. f4+ Kd6 {[%emt 0:00:06] [#]} 39. Qg7 $1 ({Not} 39. Nf8+ Kc7 $18) 39... Qc8 40. Qe5+ Kc6 41. Bg4 Qg8 42. a4 $2 (42. Qc7+ Kb5 43. Qxb7 Qxg4 44. Qxd5+ Nc5 45. Nc7+ Kb4 46. Qd4+ Ka3 47. Nd5) 42... Nd6 43. Bf3 Kd7 $18 44. Nd4 a6 45. Qf6 Bc6 46. Qxh6 Bxa4 47. f5 Qe8 48. Qf4 Qe1+ 49. Kh2 Nf7 50. Be2 Bd1 51. Bxa6 Ne5 52. Bb5+ Kc8 53. Ba6+ Kd7 54. Bb5+ Kc8 55. Ba6+ 1/2-1/2

[Event "GER-chT Youth Countries 2018"]
[Site "Wurzburg"]
[Date "2018.10.06"]
[Round "6"]
[White "Urban, Konstantin"]
[Black "Nguyen, Huy Dat"]
[Result "1-0"]
[ECO "C00"]
[WhiteElo "2279"]
[BlackElo "2194"]
[Annotator "NA"]
[PlyCount "105"]
[EventDate "2018.10.03"]
[EventType "team-tourn"]
[EventCountry "GER"]
[SourceTitle "playchess.com"]
[Source "ChessBase"]
[SourceQuality "1"]
[TimeControl "40/5400+30:1800+30"]

1. e4 e6 2. d4 b6 3. Bd3 Bb7 4. Qe2 g6 {[%emt 0:01:50] B00: Queen's Fianchetto Defence, Nimzowitsch Defence} (4... Nf6 5. Nf3 d6 6. O-O Nbd7 7. Re1 e5 8. Nc3 Be7 9. Bg5 h6 10. Bh4 Nh5 11. Bxe7 Qxe7 12. Ba6 Nf4 13. Qc4 Bxa6 14. Qxa6 {½-½ (23) Solak,D (2629)-Cicak,S (2566) Stockholm 2012}) 5. Nf3 Bg7 6. c3 d6 7. O-O Ne7 {[%emt 0:01:58] LiveBook: 3 Games} 8. Re1 Nd7 9. a4 $146 ({Predecessor:} 9. Nbd2 O-O 10. Nf1 h6 11. Ng3 e5 {1-0 (38) Ozbay,E (2039)-Sredojevic,I (2387) Backi Petrovac 2018}) 9... a6 10. Na3 O-O 11. Bf4 Kh8 12. Rad1 Qe8 13. Bc2 Ra7 14. h3 h6 15. Bc1 g5 16. h4 f6 17. hxg5 fxg5 18. Nh2 e5 19. Rd3 Ng6 20. g3 (20. Bxg5 $16 hxg5 21. Qh5+ Kg8 22. Qxg5 exd4 23. Bb3+ d5 24. cxd4) 20... Nf6 21. Rdd1 Bc8 22. Nc4 b5 23. Ne3 bxa4 24. Nf5 Qf7 (24... Rb7 $14) 25. dxe5 ({Stronger than} 25. Bxa4 Nxe4 26. g4 Nf6 $17) 25... Nxe5 26. f4 gxf4 27. gxf4 Neg4 $2 ({Black should try} 27... Ng6 $14) 28. Nxg4 Qg6 29. Ne7 ({Not} 29. Be3 Rb7 $14) 29... Qxg4+ 30. Qxg4 Bxg4 31. Ng6+ ({Much less strong is} 31. Bxa4 $6 Bxd1 32. Ng6+ Kg8 $14) 31... Kg8 32. Nxf8 Bxd1 33. Bxd1 Kxf8 34. Bxa4 Rb7 35. Kg2 Ke7 36. Kf3 Nd7 37. Rg1 Bf8 38. Bc2 (38. b4 $18) 38... a5 39. Bd3 Nc5 40. Bc4 c6 41. Rg8 Rb8 42. Rh8 Kf6 $18 (42... Re8 $142 43. e5 dxe5 44. fxe5 Nd7) 43. Be3 Nxe4 44. Bd4+ Kf5 45. Bd3 d5 46. Be5 Re8 47. Bg7 Bxg7 48. Rxe8 a4 49. Bxe4+ dxe4+ 50. Rxe4 a3 51. bxa3 Bxc3 52. Rc4 Bb2 53. a4 {[%emt 0:00:11] Ke4+ Kxe4} 1-0

[Event "GER-chT Youth Countries 2018"]
[Site "Wurzburg"]
[Date "2018.10.06"]
[Round "6"]
[White "Hartge, Gedeon"]
[Black "Arnhold, Steffi"]
[Result "1-0"]
[ECO "E49"]
[WhiteElo "2214"]
[BlackElo "1955"]
[Annotator "RC"]
[PlyCount "57"]
[EventDate "2018.10.03"]
[EventType "team-tourn"]
[EventCountry "GER"]
[SourceTitle "playchess.com"]
[Source "ChessBase"]
[SourceQuality "1"]
[TimeControl "40/5400+30:1800+30"]

1. d4 Nf6 2. c4 e6 3. Nc3 Bb4 4. e3 O-O 5. Bd3 d5 6. a3 Bxc3+ 7. bxc3 b6 8. cxd5 exd5 9. Ne2 c5 10. O-O Nc6 11. Ng3 Re8 12. f3 h5 13. Ra2 Qc7 14. Re2 Bd7 15. Ree1 Rad8 16. Qc2 Bc8 17. Qf2 g6 18. Bb2 Re6 19. Ne2 c4 20. Bc2 b5 21. Nf4 Ree8 22. Qg3 Qd7 23. h3 Ne7 24. e4 Kh8 25. e5 Nh7 26. e6 fxe6 27. Nxe6 Qd6 28. Qxd6 Rxd6 29. Nc7 1-0

[Event "GER-chT Youth Countries 2018"]
[Site "Wurzburg"]
[Date "2018.10.06"]
[Round "6"]
[White "Lesny, Florian"]
[Black "Arakelian, Aik"]
[Result "1/2-1/2"]
[ECO "B78"]
[WhiteElo "2073"]
[BlackElo "1879"]
[Annotator "NA RC"]
[PlyCount "56"]
[EventDate "2018.10.03"]
[EventType "team-tourn"]
[EventCountry "GER"]
[SourceTitle "playchess.com"]
[Source "ChessBase"]
[SourceQuality "1"]
[TimeControl "40/5400+30:1800+30"]

1. e4 c5 2. Nf3 Nc6 3. d4 cxd4 4. Nxd4 g6 5. Nc3 Bg7 6. Be3 Nf6 7. Bc4 d6 8. f3 O-O 9. Qd2 Bd7 10. O-O-O Na5 (10... Rc8 $11 11. Nxc6 Rxc6) 11. Bb3 Rc8 12. Kb1 Nc4 13. Bxc4 $1 Rxc4 14. g4 {[%emt 0:00:30] LiveBook: 275 Games} Qa5 15. Nd5 {[%emt 0:06:05] B78: Sicilian Dragon: Yugoslav Attack, 9 Bc4 Bd7 10 0-0-0 Rc8} (15. Nb3 $16 Qa6 {[#]} 16. e5 $1 Nxg4 (16... Ne8 17. Nd5 Bxe5 18. Bh6 Bf6 19. g5 Bg7 20. Nxe7+ Kh8 21. Rhe1 Be6 22. a3 Rh4 {1-0 (32) Bitoon,R (2417)-Ranola,Y (2373) Olongapo City 2015}) 17. fxg4) 15... Qd8 (15... Qxd2 $1 $11 {bleibt in der Remisbreite.} 16. Nxf6+ (16. Nxe7+ Kh8 $17) 16... Bxf6 17. Rxd2 b5) 16. Nxf6+ Bxf6 17. b3 $146 ({Predecessor:} 17. h4 e5 18. Ne2 Rc6 19. g5 Bh8 20. h5 Be6 21. Nc3 Qd7 22. Nd5 Bxd5 23. Qxd5 {0-1 (59) Petronic,S (2203)-Boric,T (2050) Kragujevac 2000}) 17... Rc8 18. h4 b5 19. h5 a5 (19... Qc7 $16) 20. Bh6 ({Don't do} 20. hxg6 $6 fxg6 21. Nxb5 Bxb5 $16) 20... b4 (20... Qc7 $16) 21. g5 ({Resist} 21. Bxf8 $6 Kxf8 22. Qh6+ Kg8 $16) 21... Bh8 22. Bxf8 Qxf8 23. hxg6 fxg6 24. Qh2 Qg7 25. f4 Rc3 26. Qf2 Bg4 27. Rd2 Rf3 28. Qg2 $2 (28. Qh2 $18) 28... Rxf4 $11 1/2-1/2

[Event "GER-chT Youth Countries 2018"]
[Site "Wurzburg"]
[Date "2018.10.06"]
[Round "6"]
[White "Lutz, Ruben"]
[Black "Roseneck, Jonas"]
[Result "0-1"]
[ECO "A45"]
[WhiteElo "2043"]
[BlackElo "2262"]
[Annotator "NA"]
[PlyCount "136"]
[EventDate "2018.10.03"]
[EventType "team-tourn"]
[EventCountry "GER"]
[SourceTitle "playchess.com"]
[Source "ChessBase"]
[SourceQuality "1"]
[TimeControl "40/5400+30:1800+30"]

1. d4 Nf6 2. Bf4 d5 3. e3 c5 4. c3 Nc6 5. Nd2 e6 6. Ngf3 cxd4 7. exd4 {[%emt 0:00:12] D02: 1 d4 d5 2 Nf3 sidelines, including 2...Nf6 3 g3 and 2...Nf6 3 Bf4} Nh5 8. Be3 Bd6 {[%emt 0:05:12] LiveBook: 100 Games} 9. Ne5 (9. Bd3 Nf4 10. Bxf4 Bxf4 11. g3 Bd6 12. O-O O-O 13. Re1 Bd7 14. h4 h6 {1-0 (44) Caruana,F (2822)-Aronian,L (2767) chess.com INT 2018}) 9... g6 10. Ndf3 f6 11. Nd3 (11. Ng4 $11) 11... Qc7 12. Qd2 O-O 13. Be2 Ng7 14. h4 $146 ({Predecessor:} 14. O-O Nf5 {0-1 (47) Derakhshani,B (2298)-Stanisz,P (2150) London 2017}) 14... e5 15. dxe5 fxe5 16. Nc1 Be6 17. O-O Kh8 18. Nb3 b6 (18... Nf5 $17) 19. Rad1 Rad8 20. Bg5 Rd7 21. Qc1 (21. Bh6 $11) 21... Bg8 22. Nh2 Be7 23. Ng4 Ne6 (23... Be6 $11) 24. Bb5 Nxg5 25. Bxc6 Rd6 $1 26. Nxe5 Ne4 27. Bb5 Bxh4 28. Nf3 Be7 29. Nbd4 $2 {[%emt 0:00:11] [#]} (29. Bd3 $15) 29... Rdf6 $2 (29... g5 $1 $19 30. Bd3 Rh6) 30. Bd3 $1 Qc8 31. Qe3 Qg4 32. Bxe4 Qxe4 33. Qxe4 dxe4 34. Nd2 Bd5 35. Rde1 Bc5 36. Nxe4 Bxd4 37. cxd4 Rf4 38. Nd2 (38. f3 $11) 38... Rxd4 39. Nb3 {[%emt 0:00:17] [#]} (39. Re2 $15) 39... Rg4 $1 40. f3 Rxf3 $1 41. Rxf3 Bxf3 42. g3 Bd5 43. Re3 a5 44. Rd3 (44. a3 $142) 44... Rg5 45. Nc1 Re5 46. Kf2 Kg7 47. b3 Bc6 48. Rc3 $17 Re6 49. Ne2 Rd6 50. Ke3 Kf6 51. Nd4 Bd5 52. Rc1 Ke5 53. Rc7 h5 54. Rg7 Kf6 55. Rc7 Kg5 56. Rg7 Rd8 57. Re7 Kg4 58. Ne2 Bc6 59. Rg7 Rd6 60. Nf4 g5 61. Rg8 Bb5 62. Rg7 Rd7 63. Rg8 Re7+ 64. Kf2 h4 65. Nd5 hxg3+ 66. Kg1 Re1+ 67. Kg2 Bf1+ 68. Kg1 Bh3# 0-1

[Event "GER-chT Youth Countries 2018"]
[Site "Wurzburg"]
[Date "2018.10.06"]
[Round "6"]
[White "Richter, Nils"]
[Black "von Krosigk, Florian"]
[Result "1-0"]
[ECO "B43"]
[WhiteElo "2035"]
[BlackElo "1897"]
[Annotator "NA RC"]
[PlyCount "33"]
[EventDate "2018.10.03"]
[EventType "team-tourn"]
[EventCountry "GER"]
[SourceTitle "playchess.com"]
[Source "ChessBase"]
[SourceQuality "1"]
[TimeControl "40/5400+30:1800+30"]

1. e4 c5 2. Nf3 e6 3. d4 cxd4 4. Nxd4 a6 5. Nc3 Qc7 6. g3 b5 7. Bg2 Bb7 8. O-O Ne7 $2 {[%emt 0:04:00] [#]} ({Better is} 8... Nc6 $14) 9. Ndxb5 $1 axb5 10. Nxb5 Qc6 11. Nd6+ Kd8 12. Nxf7+ Ke8 13. Nxh8 g6 14. Qf3 Nf5 15. exf5 $18 Qxf3 16. Bxf3 Bxf3 17. fxg6 1-0

[Event "GER-chT Youth Countries 2018"]
[Site "Wurzburg"]
[Date "2018.10.06"]
[Round "6"]
[White "Wu, Leon"]
[Black "Pubantz, Jan"]
[Result "0-1"]
[ECO "B54"]
[WhiteElo "2009"]
[BlackElo "2084"]
[Annotator "NA RC"]
[PlyCount "90"]
[EventDate "2018.10.03"]
[EventType "team-tourn"]
[EventCountry "GER"]
[SourceTitle "playchess.com"]
[Source "ChessBase"]
[SourceQuality "1"]
[TimeControl "40/5400+30:1800+30"]

1. e4 c5 2. Nf3 d6 3. d4 cxd4 4. Nxd4 Nf6 5. f3 e5 6. Nb3 d5 7. Bg5 Be6 8. Bxf6 gxf6 9. exd5 Qxd5 10. Qxd5 Bxd5 11. Nc3 Be6 {[%emt 0:02:49] LiveBook: 108 Games} 12. O-O-O {[%emt 0:00:21] B55: Sicilian: 2...d6 3 d4 cxd4 4 Nxd4 Nf6 5 f3} (12. Nb5 Kd8 13. O-O-O+ Kc8 14. Nc3 Nd7 15. Nd5 h5 16. Bb5 Bxd5 17. Bxd7+ Kxd7 18. Rxd5+ Ke6 19. Rhd1 h4 20. Kb1 Rg8 21. c4 Rxg2 22. Nd4+ Ke7 23. f4 Rxh2 24. Nf5+ Ke6 25. Nd4+ Ke7 26. Nf5+ Ke6 {½-½ (26) Nabaty,T (2690)-Sjugirov,S (2652) Batumi 2018}) 12... Nc6 13. Nd5 (13. Bb5 $14) 13... Bh6+ 14. Kb1 O-O-O 15. Nc3 Rxd1+ 16. Nxd1 $146 Rd8 17. Nc3 Bxb3 ({Black should try} 17... Be3 $15) 18. axb3 Rd2 19. g3 Nd4 20. Bd3 Nxf3 21. Bxh7 Rxh2 22. Rxh2 Nxh2 23. Ne4 Bg7 24. Bg8 Kd7 25. Bxf7 f5 26. Nf2 e4 27. Bg6 Ke6 28. g4 Nxg4 29. Nxg4 fxg4 30. Bxe4 b6 31. c3 (31. Kc1 $17 {was necessary.}) 31... Ke5 32. Bb7 Kf4 33. Ka2 $2 {[%emt 0:00:44] [#]} (33. b4 $17 {is more resistant.}) 33... a5 $1 34. Ka3 Bf8+ 35. Ka4 Bc5 36. Kb5 Kg3 37. Ka4 Kf2 38. b4 axb4 39. cxb4 Be3 40. Kb3 g3 41. Ka4 g2 42. Bxg2 Kxg2 43. b3 Kf3 44. Kb5 Ke2 45. Ka4 Kd3 0-1

[Event "GER-chT Youth Countries 2018"]
[Site "Wurzburg"]
[Date "2018.10.06"]
[Round "6"]
[White "Hommer, Jeremy"]
[Black "Basovskiy, Jana"]
[Result "1-0"]
[ECO "A45"]
[WhiteElo "1983"]
[BlackElo "1772"]
[Annotator "NA RC"]
[PlyCount "117"]
[EventDate "2018.10.03"]
[EventType "team-tourn"]
[EventCountry "GER"]
[SourceTitle "playchess.com"]
[Source "ChessBase"]
[SourceQuality "1"]
[TimeControl "40/5400+30:1800+30"]

1. d4 Nf6 2. Bf4 e6 3. e3 d5 4. Nd2 c5 5. c3 Nc6 6. Ngf3 Bd6 7. Bg3 O-O 8. Bd3 b6 9. O-O {[%emt 0:01:10] D02: 1 d4 d5 2 Nf3 sidelines, including 2...Nf6 3 g3 and 2...Nf6 3 Bf4} (9. e4 Be7 10. e5 Nh5 11. Nf1 cxd4 12. Nxd4 Nxd4 13. cxd4 g6 14. Ne3 f5 15. exf6 Bxf6 16. Be2 Nxg3 17. hxg3 {½-½ (37) Nakamura,H (2787)-Svidler,P (2760) Moscow 2018}) 9... Bb7 10. Ne5 Rc8 11. f4 Ne7 {[%emt 0:00:36] LiveBook: 9 Games} 12. Bf2 Ne4 $146 ({Predecessor:} 12... Qc7 13. Bh4 Ne4 14. Bxe7 Qxe7 15. Rf3 f6 16. Ng4 f5 17. Ne5 Bxe5 18. fxe5 Qg5 19. Qe2 cxd4 20. cxd4 Rc7 21. Nb3 Rfc8 22. Raf1 {½-½ (22) Nedomansky,L (2070)-Skula,E (2235) Czech Republic 1996}) 13. Qe2 f6 14. Nef3 Bb8 15. Rad1 Qe8 16. Bb1 Nf5 17. Nxe4 dxe4 18. Nh4 cxd4 19. exd4 Nd6 ({Don't play} 19... Bxf4 $6 20. Bxe4 Bxe4 21. Qxe4 $11) 20. Be3 Qb5 (20... f5 $17 21. g3 Bd5) 21. Qxb5 Nxb5 22. f5 Kf7 (22... exf5 $11 23. Nxf5 Kh8) 23. a4 (23. fxe6+ $16 Kxe6 24. Nf5) 23... Nd6 $1 24. g4 Bd5 25. fxe6+ Bxe6 26. Nf5 Nc4 27. Bc1 Bxf5 (27... g6 $15 {keeps the upper hand.} 28. Nh6+ Kg7 29. Bxe4 Nxb2 30. Bxb2 Kxh6) 28. gxf5 Rfe8 29. Rde1 e3 30. Ba2 Kf8 $1 31. Re2 Re4 32. Kg2 Rh4 33. h3 Re4 ({Better is} 33... Nd2 $14) 34. Rf3 Ree8 35. Kf1 Re4 36. Bxe3 Nxe3+ 37. Rexe3 Rxe3 38. Rxe3 Re8 39. Be6 g6 40. Kf2 Bf4 41. Re2 Kg7 42. Kf3 Bd6 43. Ke4 Bf8 (43... h5 $142 44. Rc2 g5) 44. Kd3 Kh6 45. Rg2 Re7 46. Kc4 Rc7+ {[%emt 0:01:08] [#]} 47. Kb5 $1 Bd6 48. fxg6 hxg6 49. c4 Re7 50. Re2 Rc7 51. b4 Kg7 $18 52. a5 Re7 53. c5 bxc5 54. bxc5 Bf4 55. d5 Be5 56. d6 Re8 57. d7 Rd8 58. Rxe5 fxe5 59. c6 1-0